AoeStats
← NikolastrA

Arena

510840377Analyzed
1v1 RM · 17h ago on Oct 2, 2026· 36m 6s· 2 players
Game mode
Random Map
Map size
Tiny (2 player)
Population
200
Speed
Normal
Resources
Standard
Victory
Conquest
Starting age
Dark Age
Ending age
Imperial Age
RankedLock teamsTeams togetherTeam positionsShared explorationLock speedFull tech treeHidden civsTurbo modeCheats
Victory
Defeat
🇨🇴 Japanese · Colombia
665
+18
🇺🇸 Danes · United States
710
-18
NikolastrA
11:44 Feudal Age
10:00 Loom
12:32 Double-Bit Axe
13:32 Horse Collar
15:01 Wheelbarrow
13:56 Man-at-Arms
15:06 Town Watch
18:36 Fletching
19:52 Gold Mining
23:16 Castle Age
22:41 Padded Archer Armor
23:35 Long Swordsman
23:39 Elite Skirmisher
23:41 Crossbowman
24:39 Forging
24:26 Bodkin Arrow
26:57 Stone Mining
27:43 Gold Shaft Mining
27:55 Squires
30:41 Scale Barding Armor
34:33 Imperial Age
34:10 Iron Casting
33:35 Scale Mail Armor
Rogan
11:05 Feudal Age
12:13 Double-Bit Axe
12:18 Man-at-Arms
12:51 Loom
13:36 Arson
14:39 Gold Mining
18:07 Horse Collar
22:03 Castle Age
20:55 Forging
23:09 Bow Saw
22:36 Long Swordsman
24:10 Wheelbarrow
26:56 Iron Casting
30:02 Town Watch
29:43 Elite Skirmisher
32:23 Scale Mail Armor
34:48 Chain Mail Armor
Connection lost

Rejoining the realm…

Still unreachable

The connection could not be restored.

Session expired

The server has moved on; the page needs a fresh start.